 Dungeon Crawl Stone Soup version 0.15.0-27-gbdb0435 (console) character file.

2130 gw the Twirler (level 9, -6/66 (68) HPs)
             Began as a Demonspawn Gladiator on Sept 11, 2014.
             Was a Follower of Yredelemnul.
             Mangled by a gnoll sergeant
             ... wielding a +0 spear of distortion
              (20 damage)
             ... on Level 7 of the Dungeon.
             The game lasted 00:05:16 (8212 turns).

gw the Twirler (Demonspawn Gladiator)               Turns: 8212, Time: 00:05:17

HP  -6/66 (68)   AC 12     Str 23      XL: 9   Next:  9%
MP  17/17        EV  7     Int  9      God: Yredelemnul [*.....]
Gold 0           SH  0     Dex 18      Spells:  0 memorised,  8 levels left

rFire  . . .     SeeInvis .     a - +2 quarterstaff
rCold  . . .     Clarity  .     x - +0 chain mail
rNeg   . . .     rCorr    .     (no shield)
rPois  .         rRot     .     q - +2 hat
rElec  .         Spirit   .     e - +0 cloak
SustAb +         Warding  .     (no gloves)
rMut   .         Stasis   .     (no boots)
Gourm  .                        (no amulet)
MR     .....                    j - ring of sustain abilities
                                p - +6 ring of strength

@: not resistant to hostile enchantments, extremely unstealthy
A: hooves 2, thin skeletal structure 1, demonic guardian 1
a: Animate Remains, Renounce Religion


You were on level 7 of the Dungeon.
You worshipped Yredelemnul.
Yredelemnul was aware of your devotion.
You were not hungry.

You visited 1 branch of the dungeon, and saw 7 of its levels.

Inventory:

Hand weapons
 a - a +2 quarterstaff (weapon)
Missiles
 d - 5 throwing nets
 g - 6 tomahawks (quivered)
 l - 164 stones
Armour
 e - a +0 cloak (worn)
 q - a +2 hat (worn)
 x - a +0 chain mail (worn)
Magical devices
 m - a wand of draining (9)
 s - a wand of fireball (3)
 y - a wand of digging (9)
Comestibles
 f - 3 bread rations
 i - 8 fruits
 k - 2 beef jerkies
 n - a slice of pizza
 o - 7 meat rations
 r - a royal jelly
Scrolls
 u - 7 scrolls of identify
 v - 2 scrolls of remove curse
Jewellery
 j - a ring of sustain abilities (right hand)
 p - a +6 ring of strength (left hand)
Potions
 b - a potion of curing
 h - a potion of brilliance


   Skills:
 + Level 5.3 Fighting
 * Level 7.2 Staves
 + Level 4.5 Throwing
 + Level 4.4 Armour
 - Level 2.6 Dodging
 + Level 5.3 Invocations


You had 8 spell levels left.
You didn't know any spells.

Dungeon Overview and Level Annotations

Branches:
Dungeon (7/15)             Temple (0/1) D:5

Altars:
Ashenzari
Dithmenos
Qazlal
Trog
Xom
Yredelemnul


Innate Abilities, Weirdness & Mutations

You have hoof-like feet.
You have a somewhat thin skeletal structure (Dex +2, Stealth).
A weak demonic guardian rushes to your aid.


Message History

The adder barely misses your ufetubus.
Your ufetubus hits the gnoll sergeant but does no damage.
Your ufetubus closely misses the gnoll sergeant.
The gnoll sergeant hits your worker ant zombie with a spear of distortion.
Space bends around your worker ant zombie.
MOVING TO (-8,-1)
Your ufetubus completely misses the gnoll sergeant.
Your ufetubus barely misses the gnoll sergeant.
Your worker ant zombie bites the gnoll sergeant.
The gnoll sergeant hits your worker ant zombie with a spear of distortion!
Your worker ant zombie is devoured by a tear in reality.
ATTACK MOVE TO (-1,0)
Your ufetubus barely misses the gnoll sergeant. x2
Your ufetubus hits the gnoll sergeant.
Your ufetubus hits the gnoll sergeant but does no damage.
The adder bites your scorpion zombie.
The gnoll sergeant hits you but does no damage.
Space warps horribly around you!
You die...
Your body rises from the dead as a mindless zombie.

.... +.. ... #.#
#..## #.# #.... #.#
#...#####+##.#
#...#........#
#.)g#........#
###.#.5SZ........#
........¤g6....##.#
.##.##%...######.#
#..............#
######..######.#
.........##.#####
##.####........#
#.#..#........#
#.#..#........#
###....#........#


You could see a gnoll sergeant, a gnoll, an adder, a friendly ufetubus and a
friendly scorpion zombie.

Table legend:
 A = Turns spent in this place as a percentage of turns spent in the entire game.
 B = Non-inter-level travel turns spent in this place as a percentage of non-inter-level travel turns spent in the entire game.
 C = Inter-level travel turns spent in this place as a percentage of turns spent in this place.
 D = Turns resting spent in this place as a percentage of non-inter-level travel turns spent in this place.
 E = Turns spent auto-exploring this place as a percentage of non-inter-level travel turns spent in this place.
 F = Non-inter-level travel turns spent in this place divided by the number of levels of this place that you've seen.
                   A       B       C       D       E      F
               +-------+-------+-------+-------+-------+----------------------
         Total | 100.0 | 100.0 |   3.1 |   4.5 |   9.6 | 389.4
       Dungeon | 100.0 | 100.0 |   3.1 |   4.5 |   9.6 | 389.4
               +-------+-------+-------+-------+-------+----------------------

Table legend:
 A = Kills in this place as a percentage of kills in entire the game.
 B = Kills by you in this place as a percentage of kills by you in the entire game.
 C = Kills by friends in this place as a percentage of kills by friends in the entire game.
 D = Other kills in this place as a percentage of other kills in the entire game.
 E = Experience gained in this place as a percentage of experience gained in the entire game.
 F = Experience gained in this place divided by the number of levels of this place that you have seen.
                   A       B       C       D       E      F
               +-------+-------+-------+-------+-------+----------------------
         Total | 100.0 | 100.0 | 100.0 |  -nan | 100.0 | 434.9
       Dungeon | 100.0 | 100.0 | 100.0 |  -nan | 100.0 | 434.9
               +-------+-------+-------+-------+-------+----------------------

Vanquished Creatures
  The ghost of DrPain the Slicer, an experienced SpAs (D:5)
  A water moccasin (D:6)
  2 scorpions
  An ice beast (D:6)
  An ogre (D:5)
  2 centaurs (D:5)
  A wyvern zombie (D:6)
  2 giant frogs (D:6)
  2 crimson imps (D:6)
  A giant frog skeleton (D:6)
  2 hounds
  An orc priest (D:6)
  A black bear skeleton (D:6)
  2 centaur skeletons
  3 orc wizards (D:6)
  Natasha (D:6)
  A quasit (D:6)
  5 worker ants
  A hound zombie (D:5)
  A worker ant zombie (D:6)
  3 gnolls (D:7)
  9 adders
  2 orc zombies (D:6)
  3 shadow imps (D:5)
  An ufetubus (D:4)
  2 worms
  An adder zombie (D:6)
  4 giant geckos
  An ooze (D:1)
  8 orcs
  10 bats
  12 hobgoblins
  13 jackals
  2 quokkas
  5 giant cockroaches
  A giant gecko zombie (D:6)
  9 giant newts
  A giant newt zombie (D:5)
  10 goblins
  A goblin zombie (D:5)
  13 kobolds
  A kobold skeleton (D:4)
  A kobold zombie (D:6)
  2 orc skeletons
  A quokka zombie (D:6)
  8 rats
156 creatures vanquished.

Vanquished Creatures (collateral kills)
  A moth of wrath (D:6)
  An orc warrior (D:6)
  A scorpion (D:4)
  A goliath beetle (D:6)
  2 crimson imps
  A giant frog zombie (D:6)
  An orc wizard (D:6)
  Natasha (D:6)
  A giant gecko (D:6)
  2 orcs (D:6)
  2 jackals (D:6)
  A kobold (D:6)
  A bat (D:5)
  An orc skeleton (D:6)
  4 rats (D:6)
21 creatures vanquished.

Vanquished Creatures (others)
  A water moccasin zombie (D:6)
  2 crimson imps
  4 iron imps
  A worker ant zombie (D:7)
  5 white imps
  3 ufetubi
  3 orc zombies (D:6)
  A goblin zombie (D:6)
  A jackal zombie (D:6)
  An orc skeleton (D:6)
  2 rat zombies (D:6)
24 creatures vanquished.

Grand Total: 201 creatures vanquished

Notes
Turn   | Place    | Note
--------------------------------------------------------------
     0 | D:1      | gw, the Demonspawn Gladiator, began the quest for the Orb.
     0 | D:1      | Reached XP level 1. HP: 16/16 MP: 1/1
   313 | D:1      | Reached skill level 3 in Staves
   324 | D:1      | Gained mutation: You have large cloven feet. [demonic ancestry]
   324 | D:1      | Reached XP level 2. HP: 16/22 MP: 2/2
   731 | D:1      | Found a shattered altar of Ashenzari.
  1029 | D:2      | Reached XP level 3. HP: 27/27 MP: 3/3
  1460 | D:2      | Reached skill level 1 in Armour
  2507 | D:3      | Gained mutation: A weak demonic guardian rushes to your aid. [demonic ancestry]
  2507 | D:3      | Reached XP level 4. HP: 21/29 MP: 4/4
  3511 | D:4      | Reached skill level 4 in Staves
  3797 | D:4      | Gained mutation: You have hoof-like feet. [demonic ancestry]
  3797 | D:4      | Reached XP level 5. HP: 37/37 MP: 5/5
  4240 | D:4      | Found a shimmering altar of Xom.
  4240 | D:4      | Found a basalt altar of Yredelemnul.
  4250 | D:4      | Became a worshipper of Yredelemnul the Dark
  4744 | D:5      | Entered Level 5 of the Dungeon
  4756 | D:5      | Noticed DrPain's ghost (experienced SpAs)
  4764 | D:5      | Killed DrPain's ghost
  4764 | D:5      | Reached skill level 5 in Staves
  4764 | D:5      | Reached skill level 1 in Invocations
  4764 | D:5      | Reached XP level 6. HP: 42/45 MP: 5/7
  4951 | D:5      | Found a stormy altar of Qazlal.
  5152 | D:5      | Noticed a centaur
  5155 | D:5      | Noticed an ogre
  5164 | D:5      | Killed a centaur
  5164 | D:5      | Gained mutation: You have a somewhat thin skeletal structure (Dex +2, Stealth). [demonic ancestry]
  5164 | D:5      | Reached XP level 7. HP: 45/51 MP: 9/9
  5198 | D:5      | Killed an ogre
  5361 | D:5      | Noticed a centaur
  5371 | D:5      | Killed a centaur
  5484 | D:5      | Found a staircase to the Ecumenical Temple.
  5862 | D:6      | Found a shadowy altar of Dithmenos.
  5873 | D:6      | Noticed Natasha
  5969 | D:6      | Reached skill level 6 in Staves
  5969 | D:6      | Reached XP level 8. HP: 40/59 MP: 13/13
  6034 | D:6      | Acquired Yredelemnul's first power
  6081 | D:6      | Killed Natasha
  7000 | D:6      | Reached skill level 5 in Fighting
  7511 | D:6      | Noticed a moth of wrath
  7513 | D:6      | Found a bloodstained altar of Trog.
  7513 | D:6      | Noticed Natasha
  7575 | D:6      | Killed Natasha
  7655 | D:6      | Killed a moth of wrath
  7655 | D:6      | Reached skill level 7 in Staves
  7832 | D:6      | Reached skill level 5 in Invocations
  7832 | D:6      | Reached XP level 9. HP: 44/66 MP: 17/17
  8212 | D:7      | Mangled by a gnoll sergeant

Action                   |  1- 3 |  4- 6 |  7- 9 || total
-------------------------+-------+-------+-------++-------
Melee: Quarterstaff      |   115 |   108 |   191 ||   414
Throw: Stone             |    32 |    87 |    51 ||   170
       Tomahawk          |       |       |    66 ||    66
Invok: Animate Remains   |       |       |    19 ||    19
Evoke: Wand              |       |       |     3 ||     3
  Use: Potion            |     6 |     5 |     1 ||    12
       Scroll            |     3 |     4 |     7 ||    14
 Stab: Distracted        |       |     1 |       ||     1
  Eat: Chunk             |     5 |     8 |    12 ||    25

Vault maps used:
D:1:      lightli_arrival_noodles, kennysheep_doodads, evilmike_ruin_ashenzari
D:2:      dk_noncrumbling_3
D:3:      first_bread, serial_park_tiny_1
D:4:      amethyst_overflow_temple_binary
D:5:      grunt_qazlal_sundering, minmay_temple_entry_purple_smoke
D:6:      grunt_dithmenos_smoke_and_mirrors, tgw_trog, uniq_natasha
